 Dungeon Crawl Stone Soup version 0.17-a0-1-g1f4be75 (webtiles) character file.

8837 achirane the Martial Artist (level 11, -1/48 HPs)
             Began as a Vine Stalker Transmuter on Mar 8, 2015.
             Was a High Priest of Okawaru.
             Slain by a manticore (2 damage)
             ... on level 10 of the Dungeon.
             The game lasted 01:47:32 (11713 turns).

achirane the Martial Artist (VSTm)                 Turns: 11713, Time: 01:47:33

Health: -1/48      AC: 12    Str: 14    XL:     11   Next: 37%
Magic:  0/20       EV: 18    Int: 13    God:    Okawaru [*****.]
Gold:   504        SH:  0    Dex: 17    Spells: 1 memorised, 13 levels left

rFire  + . .     SeeInvis .       - Unarmed
rCold  . . .     Clarity  .     R - +2 ring mail {rF+}
rNeg   . . .     SustAb   .     (no shield)
rPois  +         Gourm    .     W - +2 hat
rElec  .         Spirit   +     h - +0 cloak (curse)
rCorr  .         Warding  .     (no gloves)
rMut   .         Stasis   .     t - +0 pair of boots
MR     +....                    q - amulet of guardian spirit
Stlth  ++........               s - ring of poison resistance
                                y - +3 ring of evasion

@: appendage, heroism, slowed, very slow, somewhat resistant to hostile
enchantments, unstealthy
A: fangs 3, horns 2, regeneration 2, magic shield, antimagic bite, no device
heal 3, rot immunity
a: End Transformation, Heroism, Finesse, Renounce Religion


You were on level 10 of the Dungeon.
You worshipped Okawaru.
Okawaru was extremely pleased with you.
You were not hungry.
You had grown temporary horns.
You visited 1 branch of the dungeon, and saw 11 of its levels.

You collected 619 gold pieces.
You spent 115 gold pieces at shops.

Inventory:

Hand weapons
 p - a +0 hunting sling
 J - a +0 blowgun
Missiles
 f - 55 stones
 i - 2 tomahawks (quivered)
 j - a steel javelin
 B - 22 arrows of dispersal
 K - 13 poisoned needles
 Q - 2 curare-tipped needles
Armour
 h - a cursed +0 cloak (worn)
 t - a +0 pair of boots (worn)
 R - a +2 ring mail of fire resistance (worn)
 W - a +2 hat (worn)
Jewellery
 q - an amulet of guardian spirit (around neck)
 s - a ring of poison resistance (right hand)
 y - a +3 ring of evasion (left hand)
Magical devices
 b - a wand of disintegration (9)
 N - a wand of disintegration (11)
 X - a wand of fireball (6)
Scrolls
 c - a scroll of identify
 g - a scroll of recharging
 l - a scroll of enchant weapon {unknown}
 o - 3 scrolls of blinking
 w - a scroll of enchant armour {unknown}
 E - 2 scrolls of magic mapping
 G - 2 scrolls of amnesia
 L - 2 scrolls of random uselessness {unknown}
 S - 4 scrolls of remove curse
 T - 3 scrolls of noise {unknown}
 U - 4 scrolls of teleportation
 Z - a scroll of silence {unknown}
Potions
 e - 3 potions of curing
 k - a potion of invisibility {unknown}
 m - a potion of magic {unknown}
 u - a potion of flight
 x - 3 potions of brilliance
 z - a potion of mutation {unknown}
 A - a potion of cure mutation {unknown}
 C - 2 potions of restore abilities
 D - a potion of resistance {unknown}
 F - a potion of lignification {unknown}
 H - a potion of poison {unknown}
 O - a potion of berserk rage {unknown}
 P - 2 potions of cancellation
 V - a potion of might {unknown}
Books
 d - a book of Changes

   Spells                             Type                      Level
   a - Beastly Appendage              Transmutation                1
   b - Sticks to Snakes               Transmutation                2
   c - Spider Form                    Transmutation/Poison         3
   d - Ice Form                       Ice/Transmutation            4
   e - Blade Hands                    Transmutation                5
Comestibles
 a - 8 bread rations
 n - 4 beef jerkies
 r - 7 meat rations
 v - a poisonous chunk of flesh
 I - a slice of pizza
 M - 3 fruits
 Y - 10 royal jellies


   Skills:
 - Level 0.8(5.8) Fighting
 - Level 1.5(6.5) Dodging
 - Level 12.9(17.9) Unarmed Combat
 - Level 2.1 Spellcasting
 + Level 11.6 Transmutations
 - Level 1.0 Invocations


You had 13 spell levels left.
You knew the following spells:

 Your Spells              Type           Power        Failure   Level  Hunger
a - Beastly Appendage     Trmt           ####..       1%          1    ##.....


Dungeon Overview and Level Annotations

Branches:
Dungeon (11/15)            Temple (0/1) D:6             Orc (0/4) D:9
   Lair: D:8-11

Altars:
Ashenzari
Cheibriados
Dithmenos
Gozag
Kikubaaqudgha
Makhleb
Okawaru
Qazlal
Sif Muna
Xom
Zin
Jiyva

Shops:
D:8 ?

Annotations:
D:5 exclusions: downstairs and 1 more exclusion
D:7 1 exclusion
D:8 2 exclusions
D:9 1 exclusion


Innate Abilities, Weirdness & Mutations

You have razor-sharp teeth.
You heal very quickly.
When hurt, damage is shared between your health and your magic reserves.
Your bite disrupts and absorbs the magic of your enemies.
Potions and wands cannot restore your health.
You are immune to rotting.
You have a pair of horns on your head.


Message History

The manticore is severely wounded.
You barely miss the manticore.
The manticore is severely wounded.
The manticore closely misses you.
The manticore claws you but does no damage.
The manticore completely misses you.
You punch the manticore!
The manticore is almost dead.
The manticore barely misses you. The manticore claws you.
* * * LOW HITPOINT WARNING * * *
The manticore misses you.
You hit the manticore but do no damage. You bite the manticore.
You drain its power.
You feel invigorated.
The manticore is almost dead.
The manticore bites you!
* * * LOW HITPOINT WARNING * * *
The manticore claws you.
* * * LOW HITPOINT WARNING * * *
The manticore completely misses you. The manticore bites you.
You die...

## .### ########## .#.##
#.....oH@# ### ..#.##
#.######)# ##.## ...|.##
#..#####.####...##
....#.###...#............#
......##......##.####...##
..#.#.###........# ##.##
.#.##.####>##.#### #..#
.#....)...)....# ##.#
#####.####.##.## #.#


You could see a manticore and an orc.

Vanquished Creatures
  An unseen horror (D:10)
  2 hill giants (D:10)
  The ghost of 4thArraOfDagon the Cutter, an experienced DEBe of Trog (D:9)
  3 trolls
  A wyvern (D:10)
  2 deep elf magi (D:10)
  Eustachio (D:6)
  3 yaks (D:10)
  4 hungry ghosts
  5 hippogriffs
  Edmund (D:6)
  Menkaure (D:6)
  A sky beast (D:8)
  2 phantoms
  3 ice beasts
  2 orc warriors (D:9)
  A wasp (D:10)
  2 necrophages
  5 ogres
  A crocodile (D:9)
  A gnoll sergeant (D:10)
  3 giant frogs
  A hippogriff zombie (D:10)
  4 scorpions
  12 killer bees
  5 crimson imps
  3 goliath beetles
  2 orc priests (D:9)
  A giant frog zombie (D:7)
  3 jellies (D:8)
  3 centaur skeletons
  6 hounds
  3 giant frog skeletons
  2 worker ants
  An iguana (D:6)
  11 orc wizards
  A killer bee zombie (D:9)
  7 ogre zombies (D:9)
  A hound skeleton (D:4)
  A mummy (D:6)
  A worker ant zombie (D:6)
  15 adders
  11 gnolls
  A shadow imp (D:10)
  A giant mite (D:3)
  5 worms
  An adder zombie (D:6)
  6 giant geckos
  6 oozes
  20 orcs
  A bat skeleton (D:4)
  A bat zombie (D:5)
  10 giant cockroaches
  16 goblins
  13 hobgoblins
  10 jackals
  12 kobolds
  8 quokkas
  2 ball pythons
  8 bats
  A giant cockroach zombie (D:5)
  3 giant newts
  2 goblin skeletons (D:9)
  2 goblin zombies (D:9)
  A hobgoblin skeleton (D:9)
  3 hobgoblin zombies (D:9)
  3 orc skeletons (D:9)
  14 orc zombies (D:9)
  15 rats
  A ballistomycete (D:9)
306 creatures vanquished.

Vanquished Creatures (others)
  Prince Ribbit (D:6)
  An orc wizard (D:6)
  A giant spore (D:9)
3 creatures vanquished.

Grand Total: 309 creatures vanquished

Notes
Turn   | Place    | Note
--------------------------------------------------------------
     0 | D:1      | achirane, the Vine Stalker Transmuter, began the quest for the Orb.
     0 | D:1      | Reached XP level 1. HP: 9/9 MP: 3/3
   226 | D:1      | Reached XP level 2. HP: 14/14 MP: 3/5
   568 | D:1      | Reached skill level 4 in Unarmed Combat
   840 | D:2      | Reached XP level 3. HP: 17/17 MP: 7/7
  1293 | D:2      | Reached XP level 4. HP: 21/21 MP: 6/8
  1415 | D:2      | Reached skill level 5 in Unarmed Combat
  1605 | D:2      | Reached XP level 5. HP: 21/25 MP: 11/11
  1616 | D:2      | Found a glowing silver altar of Zin.
  2156 | D:3      | Reached skill level 6 in Unarmed Combat
  2449 | D:3      | Gained mutation: You heal very quickly. [vine stalker growth]
  2449 | D:3      | Reached XP level 6. HP: 29/29 MP: 12/12
  2542 | D:3      | Found an iron altar of Okawaru.
  2871 | D:3      | Became a worshipper of Warmaster Okawaru
  3728 | D:4      | Reached skill level 7 in Unarmed Combat
  3773 | D:5      | Entered Level 5 of the Dungeon
  4039 | D:5      | Acquired Okawaru's first power
  4039 | D:5      | Reached XP level 7. HP: 27/32 MP: 14/14
  4120 | D:5      | Reached skill level 8 in Unarmed Combat
  4444 | D:5      | Found a burning altar of Makhleb.
  4565 | D:6      | Noticed Prince Ribbit
  4688 | D:6      | Noticed Eustachio
  4805 | D:7      | Noticed a hungry ghost
  4829 | D:7      | Killed a hungry ghost
  4829 | D:7      | Reached skill level 9 in Unarmed Combat
  4908 | D:7      | Noticed a hippogriff
  4929 | D:7      | Gained mutation: You have razor-sharp teeth. [vine stalker growth]
  4929 | D:7      | Reached XP level 8. HP: 37/37 MP: 12/16
  4934 | D:7      | Killed a hippogriff
  5004 | D:7      | Found a stormy altar of Qazlal.
  5347 | D:7      | Reached skill level 10 in Unarmed Combat
  6071 | D:6      | Reached skill level 1 in Invocations
  6269 | D:6      | Killed Eustachio
  6461 | D:6      | Reached skill level 11 in Unarmed Combat
  6561 | D:6      | Killed Prince Ribbit
  6561 | D:6      | Reached XP level 9. HP: 40/40 MP: 15/18
  6626 | D:6      | Found a staircase to the Ecumenical Temple.
  6860 | D:6      | Noticed Menkaure
  6911 | D:6      | Killed Menkaure
  7018 | D:6      | Noticed Edmund
  7043 | D:6      | Killed Edmund
  7255 | D:6      | Reached skill level 12 in Unarmed Combat
  7265 | D:6      | Found a shimmering altar of Xom.
  7307 | D:6      | Found a burning altar of Makhleb.
  7677 | D:8      | Found a viscous altar of Jiyva.
  7931 | D:8      | Found Focw's Magic Scroll Emporium.
  7941 | D:8      | Bought a scroll of blinking for 82 gold pieces
  7941 | D:8      | Bought a scroll of teleportation for 33 gold pieces
  8506 | D:8      | Found a snail-covered altar of Cheibriados.
  8516 | D:8      | Found an ancient bone altar of Kikubaaqudgha.
  8516 | D:8      | Found a shadowy altar of Dithmenos.
  8517 | D:8      | Found an opulent altar of Gozag.
  8519 | D:8      | Found a deep blue altar of Sif Muna.
  8746 | D:9      | Found a shattered altar of Ashenzari.
  8849 | D:9      | Noticed 4thArraOfDagon's ghost (experienced DEBe)
  8864 | D:9      | Killed 4thArraOfDagon's ghost
  8864 | D:9      | Reached skill level 5 in Transmutations
  8864 | D:9      | Reached XP level 10. HP: 15/44 MP: 8/18
  9450 | D:9      | Found a staircase to the Orcish Mines.
 10319 | D:10     | Entered Level 10 of the Dungeon
 10350 | D:10     | Noticed a hill giant
 10367 | D:10     | Killed a hill giant
 10723 | D:10     | Reached skill level 10 in Transmutations
 10803 | D:10     | Reached XP level 11. HP: 39/48 MP: 20/20
 11032 | D:10     | Killed an unseen horror
 11032 | D:10     | Acquired Okawaru's second power
 11149 | D:10     | Noticed a hill giant
 11176 | D:10     | Killed a hill giant
 11701 | D:11     | Noticed a hill giant
 11713 | D:10     | HP: 1/48 [manticore (2)]
 11713 | D:10     | Slain by a manticore

Action                   |  1- 3 |  4- 6 |  7- 9 | 10-12 || total
-------------------------+-------+-------+-------+-------++-------
Melee: Unarmed           |    71 |   194 |   343 |   341 ||   949
 Fire: Hunting sling     |    36 |   117 |    99 |    13 ||   265
       Blowgun           |       |       |     2 |     2 ||     4
Throw: Stone             |    24 |     9 |     2 |       ||    35
       Javelin           |       |       |    26 |       ||    26
       Tomahawk          |       |       |     6 |     6 ||    12
 Cast: Beastly Appendage |    17 |     4 |    45 |    36 ||   102
Invok: Heroism           |       |       |     7 |    10 ||    17
  Use: Scroll            |     7 |       |     7 |     4 ||    18
       Potion            |       |       |     2 |     2 ||     4
 Stab: Distracted        |       |       |       |     1 ||     1
  Eat: Chunk             |     2 |     8 |    16 |    12 ||    38
       Fruit             |       |       |     3 |     1 ||     4
